[Event "Titled Tuesday Blitz July 4 Early 2023"]
[White "gueraumasague"]
[Black "Fernandez Siles, Luis"]
[BlackFideId "2209420"]
[WhiteElo "2534"]
[BlackElo "2366"]
[Result "0-1"]
[Round "4"]
[TimeControl "180+2"]
[Date "2023.07.04"]
[WhiteClock "0:00:00"]
[BlackClock "0:00:04"]
[Board "158"]

1. d4 Nf6 2. Bg5 Ne4 3. Bf4 e6 4. Nf3 f5 5. Nbd2 b6 6. Nxe4 fxe4 7. Nd2 Bb7 8. e3 Bd6 9. Qg4 O-O 10. Bg3 Qf6 11. Bh4 Qf5 12. Qxf5 exf5 13. Nc4 Kf7 14. Nxd6+ cxd6 15. Bc4+ d5 16. Bb3 Ke6 17. O-O Nc6 18. f3 h6 19. Be1 g5 20. Bd2 a5 21. a3 a4 22. Ba2 Ba6 23. Rf2 Bc4 24. Bxc4 dxc4 25. fxe4 fxe4 26. Raf1 Rxf2 27. Rxf2 Ne7 28. Kf1 Nd5 29. Ke2 b5 30. c3 d6 31. Be1 Ra7 32. Rf1 Rf7 33. Rxf7 Kxf7 34. Bg3 Ke6 35. h3 h5 36. Bf2 Nf6 37. Bg3 d5 38. Be5 Nd7 39. Bc7 Kf5 40. Kf2 Nf6 41. Bd8 Ng8 42. Kg3 Nh6 43. h4 gxh4+ 44. Kxh4 Kg6 45. Bc7 Nf5+ 46. Kh3 Nxe3 47. Bf4 Nd1 48. Bc1 e3 49. Kg3 e2 50. Bd2 Nxb2 51. Kf2 Kf5 52. Kxe2 Ke4 53. Be1 Nd3 54. Bd2 Nf4+ 55. Kf2 Nd3+ 56. Ke2 Nf4+ 57. Kf2 Ne6 58. Ke2 h4 59. Be1 Nf4+ 60. Kf1 Kd3 61. Bxh4 Kxc3 62. Be1+ Kxd4 63. g3 Ng6 64. Ke2 c3 65. g4 Kc4 66. Kf3 d4 67. Ke4 d3 68. Bxc3 Kxc3 0-1


[Site "https://www.chess.com"]

[Event "Titled Tuesday Blitz July 4 Early 2023"]
[White "Liu, Casper"]
[Black "Goswami, Vedant"]
[WhiteFideId "1454153"]
[BlackFideId "5003725"]
[WhiteElo "2527"]
[BlackElo "2363"]
[Result "1-0"]
[Round "4"]
[TimeControl "180+2"]
[Date "2023.07.04"]
[WhiteClock "0:00:14"]
[BlackClock "0:00:00"]
[Board "159"]

1. d3 Nf6 2. Nf3 e6 3. g3 Be7 4. Bg2 O-O 5. O-O c5 6. b3 Nc6 7. Bb2 d5 8. Nbd2 b5 9. a4 b4 10. e4 Bb7 11. exd5 Nxd5 12. d4 cxd4 13. Nxd4 Nxd4 14. Bxd4 Bf6 15. Ne4 Bxd4 16. Qxd4 Rc8 17. Qxa7 Qc7 18. Rac1 Rfd8 19. Rfd1 Qc6 20. Nc5 Qxc5 21. Qxb7 Nc3 22. Rxd8+ Rxd8 23. Bf3 g6 24. Ra1 Rd2 25. Rf1 Rxc2 26. Qa8+ Kg7 27. a5 Ra2 28. a6 h5 29. h4 Qb6 30. Bb7 Ne2+ 31. Kg2 Qd6 32. Qa7 Nxg3 33. Qe3 Nf5 34. Qg5 Qb6 35. Qf4 Ne3+ 36. Kg1 Nxf1 37. Qe5+ Kh7 38. Qf6 Kg8 39. Kxf1 Ra1+ 40. Kg2 Rxa6 41. Bxa6 Qxa6 42. Qd8+ Kg7 43. Qd4+ Kh7 44. Qxb4 Qc6+ 45. Kg3 Qc7+ 46. Qf4 Qc3+ 47. Qf3 Qc7+ 48. Qf4 Qc3+ 49. Qf3 Qc7+ 50. Kg2 Qb6 51. Qxf7+ Kh6 52. Qf8+ Kh7 53. Qf7+ Kh6 54. Qf4+ Kg7 55. Qc4 Qd6 56. b4 Qe5 57. b5 Kf6 58. b6 1-0


[Site "https://www.chess.com"]

[Event "Titled Tuesday Blitz July 4 Early 2023"]
[White "Rabineau, Clement"]
[Black "Rutvij09"]
[WhiteFideId "628891"]
[WhiteElo "2362"]
[BlackElo "2527"]
[Result "0-1"]
[Round "4"]
[TimeControl "180+2"]
[Date "2023.07.04"]
[WhiteClock "0:00:00"]
[BlackClock "0:00:06"]
[Board "160"]

1. e4 e5 2. Nf3 Nc6 3. Bb5 a6 4. Bxc6 dxc6 5. d4 exd4 6. Qxd4 Bd7 7. Nc3 c5 8. Qd3 Ne7 9. Bf4 Ng6 10. Bg3 Bc6 11. O-O-O Qxd3 12. Rxd3 Rc8 13. Rhd1 Be7 14. Nd5 Bxd5 15. Rxd5 Nf8 16. b3 Ne6 17. Rd7 Bd6 18. R1xd6 cxd6 19. Rxb7 O-O 20. Bxd6 Rfd8 21. Be7 Re8 22. Nd2 Nd4 23. Rd7 Ne6 24. f3 Nf8 25. Ra7 Ng6 26. Bd6 Rc6 27. Bg3 f6 28. Nc4 Ne5 29. Bxe5 fxe5 30. Ne3 Rg6 31. Rc7 Rh6 32. h3 Rg6 33. Rxc5 Rge6 34. a4 g6 35. Kb2 Kg7 36. Kc3 Kh6 37. Rc7 R8e7 38. Ng4+ Kg5 39. Rc5 Kf4 40. Rd5 h5 41. Nf6 Rxf6 42. b4 Kg3 43. Kb3 Kxg2 0-1


[Site "https://www.chess.com"]

[Event "Titled Tuesday Blitz July 4 Early 2023"]
[White "Labussiere, Yago"]
[Black "Arencibia Monduy, Antonio"]
[WhiteFideId "2186969"]
[BlackFideId "3507939"]
[WhiteElo "2361"]
[BlackElo "2525"]
[Result "1-0"]
[Round "4"]
[TimeControl "180+2"]
[Date "2023.07.04"]
[WhiteClock "0:00:18"]
[BlackClock "0:00:00"]
[Board "161"]

1. d4 Nf6 2. c4 e6 3. Nf3 d6 4. Nc3 Be7 5. e4 O-O 6. h3 c6 7. Bd3 Qc7 8. O-O e5 9. Re1 Re8 10. d5 a6 11. Be3 c5 12. Nh4 g6 13. Bg5 Nh5 14. Nf3 f6 15. Be3 Rf8 16. Ne2 f5 17. Qc2 f4 18. Bc1 Bd7 19. Nh2 b5 20. Bd2 Ra7 21. b4 cxb4 22. Bxb4 a5 23. Bd2 b4 24. a3 Na6 25. Reb1 bxa3 26. Rxa3 Nc5 27. Nc3 f3 28. Nxf3 Rxf3 29. gxf3 Qc8 30. Nb5 Ra8 31. Rxa5 Rxa5 32. Bxa5 Bxh3 33. Bd2 Qf8 34. Be2 Nf4 35. Bf1 Bd7 36. Bxf4 Qxf4 37. Nc3 Qg5+ 38. Kh1 Qh4+ 39. Kg1 Bg5 40. Ne2 Bf4 41. Nxf4 Qxf4 42. Bg2 h5 43. Qc1 Qf8 44. Qg5 Kh7 45. Re1 Qf7 46. Re3 Qg7 47. f4 1-0


[Site "https://www.chess.com"]

[Event "Titled Tuesday Blitz July 4 Early 2023"]
[White "Shuvalov, Evgenij"]
[Black "Adireddy Arjun"]
[WhiteFideId "4187237"]
[BlackFideId "25647709"]
[WhiteElo "2524"]
[BlackElo "2359"]
[Result "1/2-1/2"]
[Round "4"]
[TimeControl "180+2"]
[Date "2023.07.04"]
[WhiteClock "0:00:14"]
[BlackClock "0:00:03"]
[Board "162"]

1. d4 d5 2. c4 e6 3. Nc3 Nf6 4. cxd5 exd5 5. Bg5 Be7 6. e3 O-O 7. Qc2 c6 8. Bd3 h6 9. Bh4 Be6 10. Nge2 Nbd7 11. O-O Rc8 12. Rad1 Qc7 13. a3 Rfe8 14. Rfe1 a5 15. h3 Bd6 16. Bg3 Bxg3 17. Nxg3 c5 18. Nb5 Qb6 19. dxc5 Nxc5 20. Nd4 Nce4 21. Qb1 Nxg3 22. fxg3 Bd7 23. Kh2 Ne4 24. Bxe4 Rxe4 25. Rd3 Rce8 26. Qc1 Qd6 27. Qd2 h5 28. Qf2 h4 29. Rf1 hxg3+ 30. Qxg3 Qxg3+ 31. Kxg3 Rxe3+ 32. Rf3 Rxd3 33. Rxd3 Re4 34. Kf3 a4 35. Rd2 Bc6 36. g3 Kf8 37. h4 Ke7 38. Re2 Rxe2 39. Kxe2 Kf6 40. Ke3 Ke5 41. Nf3+ Kf5 42. Nd4+ Kg4 43. Kf2 Bd7 44. Ne2 f5 45. Nd4 b6 46. Nf3 Be6 47. Ne5+ Kh5 48. Ke3 g5 49. hxg5 Kxg5 50. Kd4 Bg8 51. Ke3 Be6 52. Kd4 Bc8 53. Ke3 Be6 1/2-1/2


[Site "https://www.chess.com"]

[Event "Titled Tuesday Blitz July 4 Early 2023"]
[White "Sovetbekova, Nurai"]
[Black "Kuzmin, Roman"]
[WhiteFideId "13801910"]
[BlackFideId "44134932"]
[WhiteElo "2355"]
[BlackElo "2523"]
[Result "0-1"]
[Round "4"]
[TimeControl "180+2"]
[Date "2023.07.04"]
[WhiteClock "0:00:00"]
[BlackClock "0:00:01"]
[Board "163"]

1. d4 Nf6 2. c4 e6 3. Nc3 d5 4. Nf3 c6 5. Bf4 Nbd7 6. e3 Be7 7. Be2 O-O 8. O-O dxc4 9. Bxc4 b5 10. Bd3 a6 11. Rc1 c5 12. Ne4 c4 13. Bb1 Bb7 14. Nfd2 Nb6 15. Qf3 Nbd5 16. Bg5 Nxe4 17. Bxe7 Nxe7 18. Nxe4 Bxe4 19. Qxe4 g6 20. b3 Qd5 21. bxc4 bxc4 22. Qh4 Ra7 23. Rc3 Rc8 24. Rfc1 Qb5 25. e4 Qb2 26. Qf6 Rb7 27. h3 Qd2 28. Bd3 Qxa2 29. Bxc4 Qb2 30. d5 exd5 31. exd5 Nf5 32. d6 Rf8 33. Bd3 Nh6 34. Rc8 Qxf6 0-1


[Site "https://www.chess.com"]

[Event "Titled Tuesday Blitz July 4 Early 2023"]
[White "feuervogel1000000"]
[Black "Nithyalakshmi, Sivanesan"]
[BlackFideId "5706955"]
[WhiteElo "2514"]
[BlackElo "2352"]
[Result "1-0"]
[Round "4"]
[TimeControl "180+2"]
[Date "2023.07.04"]
[WhiteClock "0:00:46"]
[BlackClock "0:01:03"]
[Board "164"]

1. d4 Nf6 2. c4 c5 3. d5 b5 4. cxb5 g6 5. Nc3 a6 6. e4 d6 7. bxa6 Bg7 8. Nf3 Qa5 9. Bd2 Bxa6 10. Bxa6 Qxa6 11. Qe2 O-O 12. Qxa6 Rxa6 13. Ke2 Nbd7 14. a4 Rb8 15. Rhb1 Ng4 16. h3 Nge5 17. Nxe5 Nxe5 18. b3 Nd7 19. Ra2 Nb6 20. a5 Nd7 21. Na4 c4 22. b4 Ne5 23. Nc3 Nd3 24. b5 Bxc3 25. bxa6 Rb2 26. Raxb2 Bxb2 27. a7 c3 28. a8=Q+ Kg7 29. Kxd3 cxd2 30. Kxd2 1-0


[Site "https://www.chess.com"]

[Event "Titled Tuesday Blitz July 4 Early 2023"]
[White "TomLiu777"]
[Black "Jovic, Stanoje"]
[BlackFideId "905020"]
[WhiteElo "2350"]
[BlackElo "2512"]
[Result "0-1"]
[Round "4"]
[TimeControl "180+2"]
[Date "2023.07.04"]
[WhiteClock "0:00:00"]
[BlackClock "0:00:01"]
[Board "165"]

1. b3 Nf6 2. Bb2 e6 3. g3 b5 4. Bg2 d5 5. e3 c5 6. Ne2 Be7 7. O-O O-O 8. c4 b4 9. d4 a5 10. dxc5 Na6 11. Nd2 Nxc5 12. cxd5 exd5 13. Rc1 Nd3 14. Rc2 Nxb2 15. Rxb2 Ba6 16. Nf3 Rc8 17. Rd2 Qb6 18. Nfd4 Ne4 19. Rc2 Nc3 20. Nxc3 bxc3 21. Re1 Rfd8 22. Qa1 a4 23. Rxc3 Rxc3 24. Qxc3 Bb4 25. Qc6 Qa5 26. Rd1 axb3 27. axb3 g6 28. h4 h5 29. Qf6 Rd6 30. Qf4 Qa2 31. Nf5 Rf6 32. Qxb4 Rxf5 33. Rd2 Qb1+ 34. Kh2 Qe1 35. Qd4 Rxf2 36. Rxf2 Qxf2 37. Qf4 Qd2 38. Qd4 Qf2 39. Qxd5 Be2 40. b4 Bg4 41. b5 Be6 42. Qd8+ Kh7 43. Qa8 Qxe3 44. Qb7 Qb3 45. b6 Qb2 46. Qc6 Kg7 47. b7 Kh7 48. Qd6 Bh3 0-1


[Site "https://www.chess.com"]

[Event "Titled Tuesday Blitz July 4 Early 2023"]
[White "Rangel, Daniel"]
[Black "Korpics, Zsolt"]
[WhiteFideId "2124475"]
[BlackFideId "705241"]
[WhiteElo "2511"]
[BlackElo "2348"]
[Result "1-0"]
[Round "4"]
[TimeControl "180+2"]
[Date "2023.07.04"]
[WhiteClock "0:01:05"]
[BlackClock "0:00:08"]
[Board "166"]

1. c4 Nf6 2. g3 e6 3. Bg2 d5 4. Nf3 Be7 5. O-O O-O 6. b3 b6 7. Ba3 Bxa3 8. Nxa3 Bb7 9. Nc2 dxc4 10. bxc4 c5 11. d3 Nc6 12. Ne5 Qc7 13. Nxc6 Bxc6 14. Bxc6 Qxc6 15. a4 e5 16. e4 Rfd8 17. Qe2 Qd6 18. Rfd1 Nd7 19. a5 Nf8 20. Ne3 Ne6 21. Nf5 Qd7 22. Qg4 g6 23. Ne3 Nd4 24. Qxd7 Rxd7 25. axb6 Ne2+ 26. Kg2 Nc3 27. Rd2 Nxe4 28. Rda2 Rxd3 29. Rxa7 Rb8 30. Ra8 Rdd8 31. b7 Kg7 32. R1a6 Rf8 33. Rxb8 Rxb8 34. Rb6 Kf8 35. Nd5 Ke8 36. Nc7+ Kd8 37. Na6 Nd6 38. Rxd6+ Ke7 39. Nxb8 Kxd6 40. Na6 1-0


[Site "https://www.chess.com"]

[Event "Titled Tuesday Blitz July 4 Early 2023"]
[White "Ronka, Erik"]
[Black "Rudzinska, Michalina"]
[WhiteFideId "505080"]
[BlackFideId "1172883"]
[WhiteElo "2509"]
[BlackElo "2344"]
[Result "1-0"]
[Round "4"]
[TimeControl "180+2"]
[Date "2023.07.04"]
[WhiteClock "0:01:58"]
[BlackClock "0:00:58"]
[Board "167"]

1. e4 c5 2. Nf3 e6 3. g3 Nc6 4. Bg2 d6 5. O-O Nf6 6. Qe2 Bd7 7. c3 Be7 8. d4 cxd4 9. cxd4 e5 10. Rd1 Bg4 11. dxe5 Nxe5 12. Nbd2 O-O 13. b3 Qc7 14. Ba3 Rac8 15. h3 Bxf3 16. Nxf3 Rfd8 17. Nd4 a6 18. Nf5 Bf8 19. g4 Ne8 20. Ne3 b5 21. Nd5 Qc2 22. Qe3 Qc6 23. f4 Ng6 24. Kh2 a5 25. Bb2 Qc4 26. bxc4 1-0


[Site "https://www.chess.com"]

[Event "Titled Tuesday Blitz July 4 Early 2023"]
[White "Toolin, Christopher"]
[Black "Kirillov, Dmitry"]
[WhiteFideId "2024543"]
[BlackFideId "34180572"]
[WhiteElo "2338"]
[BlackElo "2509"]
[Result "0-1"]
[Round "4"]
[TimeControl "180+2"]
[Date "2023.07.04"]
[WhiteClock "0:00:02"]
[BlackClock "0:00:21"]
[Board "168"]

1. d4 Nf6 2. c4 e6 3. Nf3 b6 4. a3 Bb7 5. Nc3 d5 6. Qc2 Be7 7. cxd5 Nxd5 8. e4 Nxc3 9. bxc3 O-O 10. Bd3 c5 11. O-O Qc7 12. Qe2 Nd7 13. Bb2 Rfd8 14. Rfd1 Rac8 15. a4 a6 16. Bxa6 Bxa6 17. Qxa6 c4 18. Ba3 Bxa3 19. Rxa3 Nc5 20. Qb5 Nxe4 21. Rb1 Rb8 22. Ne5 Rdc8 23. f3 Nd6 24. Qb2 b5 25. a5 b4 26. cxb4 Nb5 27. Raa1 c3 28. Qf2 c2 29. Rc1 Qc3 30. Ra2 Nxd4 31. a6 Rxb4 32. a7 Rb1 33. Qf1 Rxc1 34. Qxc1 Ne2+ 35. Kf2 Nxc1 36. a8=Q Qd4+ 37. Kf1 Qd1+ 38. Kf2 Qe2+ 39. Kg3 Qxe5+ 40. f4 Qe3+ 41. Kg4 f5+ 42. Kh5 Qe2+ 43. Kg5 Qg4# 0-1


[Site "https://www.chess.com"]

[Event "Titled Tuesday Blitz July 4 Early 2023"]
[White "Belov, Alexei"]
[Black "Duarte, Leonardo"]
[WhiteFideId "4128206"]
[BlackFideId "110582"]
[WhiteElo "2508"]
[BlackElo "2335"]
[Result "0-1"]
[Round "4"]
[TimeControl "180+2"]
[Date "2023.07.04"]
[WhiteClock "0:00:51"]
[BlackClock "0:00:10"]
[Board "169"]

1. e4 c5 2. Nf3 e6 3. d4 cxd4 4. Nxd4 Nc6 5. Nc3 Qc7 6. Be2 a6 7. O-O Nf6 8. a4 Nxd4 9. Qxd4 Bc5 10. Qc4 Ng4 11. g3 Ne5 12. Qb3 b6 13. Kg2 Bb7 14. f4 Nc6 15. Qc4 Nd4 16. Bd3 Nc6 17. f5 exf5 18. Nd5 Qd8 19. Rxf5 O-O 20. Bf4 Ne7 21. Bc7 Nxd5 22. Bxd8 Ne3+ 23. Kh3 Nxc4 24. Bxc4 Raxd8 25. Raf1 d5 26. exd5 Rd6 27. c3 Bc8 28. g4 Bxf5 29. gxf5 Rfd8 30. b4 Be3 31. Rd1 Bf4 32. Rd3 b5 33. axb5 axb5 34. Bb3 Be5 35. Kg4 Rh6 36. h4 Rhd6 37. Re3 f6 38. c4 bxc4 39. Bxc4 Rc8 40. Re4 Rb8 41. b5 Kf7 42. h5 g6 43. hxg6+ hxg6 44. Re2 gxf5+ 45. Kxf5 Rg8 46. Ke4 Rg4+ 47. Kd3 Rd4+ 48. Kc3 Re4+ 49. Kd3 Rxe2 50. Kxe2 f5 51. Kf3 Kf6 52. Ke3 Bb2 53. Kf4 Ba3 54. Kf3 Bc5 55. Kf4 Bb6 56. Kf3 Ke5 57. Ke2 Rh6 0-1


[Site "https://www.chess.com"]

[Event "Titled Tuesday Blitz July 4 Early 2023"]
[White "Chyngyz, Sultai"]
[Black "Tifferet, Shaked"]
[WhiteFideId "13803158"]
[BlackFideId "2811529"]
[WhiteElo "2334"]
[BlackElo "2506"]
[Result "1-0"]
[Round "4"]
[TimeControl "180+2"]
[Date "2023.07.04"]
[WhiteClock "0:01:17"]
[BlackClock "0:00:11"]
[Board "170"]

1. e4 c5 2. Nf3 a6 3. d4 cxd4 4. Nxd4 Nf6 5. Nc3 e5 6. Nf3 Bc5 7. Bc4 d6 8. O-O O-O 9. Bg5 Be6 10. Bd5 Bxd5 11. Nxd5 Nbd7 12. h3 h6 13. Bh4 Rc8 14. c4 g5 15. Nxg5 Nxd5 16. Qg4 N5f6 17. Qf5 Kg7 18. Rad1 Rh8 19. Nf3 Qe8 20. Bxf6+ Nxf6 21. Nh4 Qc6 22. Rd3 Nxe4 23. Rf3 Rc7 24. Qg4+ Kf8 25. Ng6+ Kg7 26. Nxe5+ Kf8 27. Nxc6 Nd2 28. Rg3 bxc6 29. Qg7+ Ke7 30. Re1+ Kd7 31. Qxf7+ Kc8 32. Re7 Rxe7 33. Qxe7 d5 34. Qxc5 1-0


[Site "https://www.chess.com"]

[Event "Titled Tuesday Blitz July 4 Early 2023"]
[White "Keleberda, Tymur"]
[Black "Fajdetic, Hrvoje"]
[WhiteFideId "14174294"]
[BlackFideId "14501945"]
[WhiteElo "2500"]
[BlackElo "2328"]
[Result "1-0"]
[Round "4"]
[TimeControl "180+2"]
[Date "2023.07.04"]
[WhiteClock "0:00:40"]
[BlackClock "0:00:01"]
[Board "171"]

1. e4 c5 2. Nf3 a6 3. c3 d5 4. exd5 Qxd5 5. d4 Bg4 6. Be2 e6 7. Be3 Nd7 8. h3 Bh5 9. O-O Ngf6 10. Nbd2 cxd4 11. Nxd4 Bxe2 12. Qxe2 Be7 13. Rfd1 O-O 14. Nc4 Qe4 15. a4 Nd5 16. a5 Rac8 17. Nd2 Qg6 18. N2f3 Nxe3 19. Qxe3 Bc5 20. Ra4 Qf6 21. Qe2 Rfd8 22. Rc4 b5 23. axb6 Nxb6 24. Rxc5 Rxc5 25. Qxa6 e5 26. b4 Rcd5 27. c4 Nxc4 28. Qxc4 exd4 29. Rd3 g5 30. Qc7 h5 31. Qb7 Qf5 32. Qa6 g4 33. hxg4 hxg4 34. Nh2 Qf4 35. Rg3 Qc1+ 36. Nf1 Rg5 37. Qf6 d3 38. Qxd8+ Kg7 39. Qxd3 1-0


[Site "https://www.chess.com"]

[Event "Titled Tuesday Blitz July 4 Early 2023"]
[White "musclemonster12"]
[Black "Shtompel, Yuriy"]
[BlackFideId "14168278"]
[WhiteElo "2500"]
[BlackElo "2326"]
[Result "1-0"]
[Round "4"]
[TimeControl "180+2"]
[Date "2023.07.04"]
[WhiteClock "0:01:34"]
[BlackClock "0:00:10"]
[Board "172"]

1. Nf3 Nf6 2. c4 g6 3. Nc3 Bg7 4. e4 O-O 5. d4 d6 6. Be2 Nbd7 7. O-O e5 8. Be3 h6 9. h3 c6 10. dxe5 dxe5 11. c5 Qe7 12. b4 Rd8 13. Qb3 Nf8 14. Nd2 Ne6 15. Nc4 Nd4 16. Qb2 Nxe2+ 17. Qxe2 Qc7 18. Rfd1 Be6 19. a3 Rxd1+ 20. Rxd1 Rd8 21. Rxd8+ Qxd8 22. Qd2 Qxd2 23. Nxd2 Nd7 24. Kf1 f5 25. f3 Kf7 26. Ke2 h5 27. Kd3 b5 28. cxb6 axb6 29. Nc4 Bxc4+ 30. Kxc4 Ke6 31. a4 Bf8 32. a5 b5+ 33. Nxb5 cxb5+ 34. Kxb5 Nb8 35. Ba7 Nd7 36. a6 Kd6 37. Bb8+ Nxb8 38. a7 Nc6 39. a8=Q Be7 1-0


[Site "https://www.chess.com"]

[Event "Titled Tuesday Blitz July 4 Early 2023"]
[White "Pham, Le Thao Nguyen"]
[Black "Juknis, Paulius"]
[WhiteFideId "12401226"]
[BlackFideId "12802247"]
[WhiteElo "2496"]
[BlackElo "2319"]
[Result "0-1"]
[Round "4"]
[TimeControl "180+2"]
[Date "2023.07.04"]
[WhiteClock "0:00:07"]
[BlackClock "0:00:19"]
[Board "173"]

1. d4 Nf6 2. Nf3 g6 3. Bf4 Bg7 4. e3 d6 5. Be2 c5 6. c3 Nh5 7. Bg5 h6 8. Bh4 cxd4 9. Nxd4 Nf6 10. O-O Nc6 11. Nd2 O-O 12. a4 e5 13. Nxc6 bxc6 14. Nc4 g5 15. Bg3 Ne4 16. Qc2 f5 17. f3 Nxg3 18. hxg3 d5 19. Na3 Qb6 20. Qd2 a5 21. Rfb1 f4 22. gxf4 gxf4 23. Nc2 Bf5 24. Bd3 e4 25. fxe4 Bxe4 26. Nd4 c5 27. Nb5 fxe3 28. Qxe3 Bxd3 29. Qxd3 c4+ 30. Qd4 Bxd4+ 31. Nxd4 Rf4 32. Rd1 Qxb2 0-1


[Site "https://www.chess.com"]

[Event "Titled Tuesday Blitz July 4 Early 2023"]
[White "Acikel, Mert"]
[Black "Kupervaser, Erez"]
[WhiteFideId "12956465"]
[BlackFideId "2814587"]
[WhiteElo "2312"]
[BlackElo "2493"]
[Result "0-1"]
[Round "4"]
[TimeControl "180+2"]
[Date "2023.07.04"]
[WhiteClock "0:01:18"]
[BlackClock "0:01:53"]
[Board "174"]

1. e4 c5 2. Nf3 Nc6 3. Bb5 Nf6 4. Nc3 g6 5. O-O Bg7 6. e5 Ng4 7. Bxc6 dxc6 8. Re1 O-O 9. d3 Nh6 10. Bf4 Nf5 11. a4 a5 12. Ne4 b6 13. Qd2 Nd4 14. Nxd4 cxd4 15. h3 c5 16. Ng5 Qd5 17. Nf3 Bxh3 18. Qe2 Bg4 19. b3 h5 20. Qe4 Bxf3 21. gxf3 Qe6 22. Bg5 Rae8 23. Kg2 Kh7 24. Rh1 Qxe5 25. Rxh5+ Kg8 26. Rh4 Qxg5+ 0-1


[Site "https://www.chess.com"]

[Event "Titled Tuesday Blitz July 4 Early 2023"]
[White "Castillo Sevilla, Ian Eiffel"]
[Black "Shubenkova, Veronika"]
[WhiteFideId "6104207"]
[BlackFideId "44124040"]
[WhiteElo "2308"]
[BlackElo "2491"]
[Result "0-1"]
[Round "4"]
[TimeControl "180+2"]
[Date "2023.07.04"]
[WhiteClock "0:00:08"]
[BlackClock "0:00:32"]
[Board "175"]

1. d4 d5 2. Bf4 e6 3. e3 Bd6 4. Bxd6 Qxd6 5. Qg4 g6 6. Nc3 c6 7. O-O-O f5 8. Qg3 Qxg3 9. hxg3 Nf6 10. Nf3 Nbd7 11. Be2 Ke7 12. Nh2 e5 13. g4 e4 14. gxf5 gxf5 15. g4 fxg4 16. Nxg4 Nxg4 17. Bxg4 Nf6 18. Be2 h5 19. Rh4 Kf7 20. Rdh1 Kg6 21. f3 exf3 22. Bxf3 Bg4 23. Bxg4 Nxg4 24. e4 dxe4 25. Nxe4 Rh7 26. Ng3 Nf6 27. Rg1 Kg5 28. Rgh1 Re8 29. Kd2 b6 30. c3 c5 31. dxc5 bxc5 32. b3 Rd8+ 33. Kc2 Re8 34. b4 Re3 35. Nf1 Re2+ 36. Kd3 Rxa2 37. bxc5 Rd7+ 38. Rd4 Re7 39. Ne3 Rf2 40. Rg1+ Kh6 41. Rd6 Rf3 42. Re1 Kh7 43. Kd4 Re4+ 44. Kd3 Re7 45. Kd4 Rf4+ 46. Kd3 h4 47. c6 h3 48. Rh1 Rf3 49. Re1 Ng4 50. Rd7 Ne5+ 51. Ke4 Rxe3+ 52. Rxe3 Nxd7+ 53. Kf3 Rxe3+ 54. Kxe3 Nb6 55. Kf3 Kg6 56. Kg3 Kf6 57. Kxh3 Ke6 58. Kg4 Kd6 59. Kf4 Kxc6 60. Ke3 Kc5 61. Kd3 a5 62. Kc2 Kc4 63. Kb2 Nd5 64. Kc2 Nxc3 0-1


[Site "https://www.chess.com"]

[Event "Titled Tuesday Blitz July 4 Early 2023"]
[White "Novik, Maxim"]
[Black "Legenia, Artem"]
[WhiteFideId "4102924"]
[BlackFideId "14136945"]
[WhiteElo "2491"]
[BlackElo "2300"]
[Result "1-0"]
[Round "4"]
[TimeControl "180+2"]
[Date "2023.07.04"]
[WhiteClock "0:00:19"]
[BlackClock "0:00:13"]
[Board "176"]

1. e4 e6 2. d4 d5 3. e5 c5 4. c3 Qb6 5. Nf3 Nc6 6. Bd3 Bd7 7. O-O cxd4 8. Re1 Nge7 9. Nbd2 dxc3 10. bxc3 Ng6 11. Rb1 Qc7 12. Bxg6 hxg6 13. c4 dxc4 14. Nxc4 Bc5 15. Nd6+ Bxd6 16. exd6 Qc8 17. Ng5 Nb8 18. Qd3 Rh4 19. Qf3 f6 20. Rxb7 Nc6 21. Rc7 Qa6 22. Nxe6 Ne5 23. Nxg7+ Kf7 24. Rxe5 Qxd6 25. Bg5 Rd4 26. Re1 Kxg7 27. Rxd7+ Qxd7 28. Bxf6+ Kg8 29. Bxd4 Rf8 30. Qe3 Qf5 31. g3 Rf7 32. h4 Rf8 33. Qe5 Qxe5 34. Rxe5 Rc8 35. Be3 Rc2 36. a4 Ra2 37. a5 Kf7 38. Kg2 Kf6 39. Rc5 Ke6 40. Kh3 Kf6 41. Kg4 Ke6 42. Rc6+ Kd5 43. Rxg6 Rxa5 44. Rg5+ 1-0


[Site "https://www.chess.com"]

[Event "Titled Tuesday Blitz July 4 Early 2023"]
[White "Osinovsky, Stepan"]
[Black "Fantastic_Power"]
[WhiteFideId "4157354"]
[WhiteElo "2297"]
[BlackElo "2489"]
[Result "0-1"]
[Round "4"]
[TimeControl "180+2"]
[Date "2023.07.04"]
[WhiteClock "0:00:00"]
[BlackClock "0:00:19"]
[Board "177"]

1. Nf3 Nf6 2. g3 e6 3. Bg2 b5 4. O-O Bb7 5. d3 c5 6. e4 d5 7. exd5 exd5 8. a4 b4 9. d4 c4 10. Re1+ Be7 11. c3 O-O 12. Ne5 Nc6 13. Nd2 Qc7 14. h4 Rfe8 15. h5 h6 16. Ndf3 Nxh5 17. Nh4 Nf6 18. Nf5 Bc8 19. Qf3 Nxe5 20. dxe5 Bxf5 21. exf6 Be4 22. Rxe4 dxe4 23. Qxe4 Bxf6 24. Qg4 Qc8 0-1


[Site "https://www.chess.com"]

[Event "Titled Tuesday Blitz July 4 Early 2023"]
[White "Kostiukov, Alexandr"]
[Black "Reprintsev, Alexander"]
[WhiteFideId "14108100"]
[BlackFideId "14100541"]
[WhiteElo "2295"]
[BlackElo "2480"]
[Result "0-1"]
[Round "4"]
[TimeControl "180+2"]
[Date "2023.07.04"]
[WhiteClock "0:00:00"]
[BlackClock "0:00:14"]
[Board "178"]

1. g3 d5 2. Bg2 Nc6 3. d4 Bf5 4. Nf3 Nb4 5. Na3 e6 6. O-O h6 7. c3 Nc6 8. Nb1 Nf6 9. Bf4 Be7 10. Ne5 Nxe5 11. Bxe5 O-O 12. Nd2 Nd7 13. Bf4 c5 14. e4 dxe4 15. Nxe4 cxd4 16. Qxd4 Nb6 17. Nd6 Bf6 18. Be5 Bxe5 19. Qxe5 Nd7 20. Qb5 a6 21. Qxb7 Rb8 22. Qxa6 Rxb2 23. Nxf5 exf5 24. Rad1 Qc7 25. Qa3 Rfb8 26. Qe7 Rd8 27. Bd5 Kh8 28. Bxf7 Rb7 29. Rfe1 Rdb8 30. Bg6 Nf6 31. Qxc7 Rxc7 32. Rd3 f4 33. Red1 Rcc8 34. Kg2 fxg3 35. hxg3 Ng8 36. a4 Ne7 37. Be4 Rc5 38. Rd7 Ng8 39. R1d3 Ra5 40. R7d4 g5 41. Rd7 Nf6 0-1


[Site "https://www.chess.com"]

[Event "Titled Tuesday Blitz July 4 Early 2023"]
[White "Miszler, Levente"]
[Black "Mindhunter08"]
[WhiteFideId "763276"]
[WhiteElo "2478"]
[BlackElo "2284"]
[Result "0-1"]
[Round "4"]
[TimeControl "180+2"]
[Date "2023.07.04"]
[WhiteClock "0:00:00"]
[BlackClock "0:00:09"]
[Board "179"]

1. e4 e5 2. Nf3 Nc6 3. Bc4 Nf6 4. d3 Bc5 5. c3 O-O 6. O-O d5 7. exd5 Nxd5 8. Re1 Bg4 9. h3 Bh5 10. Nbd2 Nb6 11. b4 Bd6 12. Bb3 a6 13. a4 Re8 14. a5 Nd7 15. Nc4 Qf6 16. Nxd6 Qxd6 17. Be3 Kh8 18. g4 Bg6 19. d4 exd4 20. Nxd4 Rad8 21. Nxc6 Qxc6 22. Bd4 Ne5 23. Bxe5 Rxd1 24. Raxd1 h5 25. Bd5 Qa4 26. gxh5 Bxh5 27. Rd4 Kg8 28. Rh4 Bg6 29. Rg4 Qc2 30. Re3 c6 31. Bc4 Qb1+ 32. Kh2 Qf5 33. Rf4 Qg5 34. Bd6 Rxe3 35. fxe3 Qh5 36. Bc5 Qd1 37. Bd4 Qd2+ 38. Kg3 Qc2 39. Rg4 Qd1 40. Rxg6 Qg1+ 41. Kf3 Qxg6 42. Kf2 Qf5+ 43. Ke2 Qxh3 44. Bd3 Qg2+ 45. Ke1 Qg5 46. Be2 Qh4+ 47. Kf1 g5 48. Bf3 g4 49. Bg2 g3 50. Bf3 Qh2 51. Bg2 Qh5 52. Ke1 Qf5 53. e4 Qf4 54. Ke2 Qc1 55. Kf3 Qg5 56. Bh3 Kh7 57. Bf5+ Kg8 58. Bh3 Qh4 59. Bg2 Qh2 60. Be5 Qg1 61. Bxg3 Qd1+ 62. Kf4 Qd3 63. e5 Qxc3 64. Be4 Qxb4 65. Bh4 Qxa5 66. Bf6 Qd2+ 67. Kf5 a5 68. e6 Qf2+ 69. Ke5 Qc5+ 70. Kf4 fxe6 71. Bg6 Qc4+ 72. Be4 a4 73. Be7 b5 74. Bf6 a3 75. Ke3 a2 76. Bd3 Qd5 77. Bb2 Qc5+ 78. Kd2 Qb4+ 79. Kc2 c5 80. Be5 c4 81. Bg6 Qb1+ 82. Kd2 Qxg6 83. Bc3 Qb1 84. Bd4 a1=Q 0-1


[Site "https://www.chess.com"]